 Dungeon Crawl Stone Soup version 0.29.1-4-g47bece8355 (webtiles) character file.

Game seed: 16479609503420689525

55409 Radix the Geomancer (level 14, -10/86 HPs)
             Began as a Gargoyle Earth Elementalist on Dec 12, 2022.
             Was a High Priest of Vehumet.
             Mangled by an orc warrior
             ... wielding a +0 glaive
             ... led by an orc warlord
              (29 damage)
             ... on level 1 of the Orcish Mines.
             The game lasted 04:25:18 (21908 turns).

Radix the Geomancer (Gargoyle Earth Elementalist)  Turns: 21908, Time: 04:25:38

Health: -10/86     AC: 24    Str: 12    XL:     14   Next: 77%
Magic:  0/28       EV: 11    Int: 21    God:    Vehumet [*****.]
Gold:   1943       SH:  0    Dex: 10    Spells: 16/34 levels left

rFire   . . .      SeeInvis .   P - +4 flail
rCold   + . .      Faith    .   (no shield)
rNeg    + . .      Spirit   .   Q - +2 robe {Archmagi}
rPois   ∞          Reflect  .   (no helmet)
rElec   +          Harm     .   B - +2 cloak
rCorr   .          Rampage  .   t - +0 pair of gloves
Will    +....      Archmagi +   d - +0 pair of boots
Stlth   ++........              i - amulet of regeneration
HPRegen 1.04/turn               A - +4 ring of protection
MPRegen 0.21/turn               K - ring of protection from cold

@: flying
A: sickness immunity, AC +10, big wings, negative energy resistance 1,
electricity resistance, torment resistance 1, petrification resistance
a: Renounce Religion


You were on level 1 of the Orcish Mines.
You worshipped Vehumet.
Vehumet was extremely pleased with you.
You visited 4 branches of the dungeon, and saw 19 of its levels.
You also visited: Sewer and Ossuary.

You collected 2079 gold pieces.
You spent 136 gold pieces at shops.

Inventory:

Hand Weapons
 x - a +2 vorpal morningstar
 P - a +4 flail (weapon)
Armour
 d - a +0 pair of boots (worn)
 t - a +0 pair of gloves (worn)
 B - a +2 cloak (worn)
 Q - a +2 robe of the Archmagi (worn)
Jewellery
 b - a ring of flight
 h - a ring of fire
 i - an amulet of regeneration (around neck)
 A - a +4 ring of protection (left hand)
 K - a ring of protection from cold (right hand)
 T - the ring of Fain {Fly rElec rCorr Str+9 Int-4}
   (You found it on level 8 of the Dungeon)

   [ring of flight]

   Str:       It affects your strength (+9).
   Int:       It affects your intelligence (-4).
   rElec:     It insulates you from electricity.
   Fly:       It grants you flight.
   rCorr:     It protects you from acid and corrosion.
 U - the ring of Ephemeral Luck {EV+4 Str+2}
   (You found it on level 8 of the Dungeon)

   [ring of evasion]

   EV:        It affects your evasion (+4).
   Str:       It affects your strength (+2).
Wands
 n - a wand of mindburst (34)
 o - a wand of flame (27) (quivered)
 v - a wand of iceblast (5)
 J - a wand of digging (5)
 R - a wand of polymorph (10)
 Y - a wand of light (8)
Scrolls
 c - a scroll of magic mapping {unknown}
 f - 4 scrolls of brand weapon {unknown}
 j - 5 scrolls of enchant armour {unknown}
 k - 8 scrolls of enchant weapon
 p - 2 scrolls of vulnerability {unknown}
 r - a scroll of noise {unknown}
 s - 3 scrolls of identify
 u - 4 scrolls of fear {unknown}
 w - 4 scrolls of fog {unknown}
 F - 2 scrolls of blinking {unknown}
 G - 7 scrolls of teleportation
 I - 2 scrolls of summoning {unknown}
 N - a scroll of acquirement {unknown}
 V - 6 scrolls of poison {unknown}
 W - 4 scrolls of immolation {unknown}
Potions
 a - a potion of invisibility {unknown}
 e - 3 potions of might
 g - 6 potions of curing
 l - 4 potions of haste
 m - a potion of heal wounds
 q - 2 potions of brilliance
 E - 5 potions of cancellation


   Skills:
 + Level 9.5 Fighting
 - Level 8.0 Maces & Flails
 - Level 4.2 Armour
 - Level 1.5 Dodging
 - Level 2.1 Stealth
 - Level 4.1 Shields
 - Level 10.6 Spellcasting
 - Level 11.5 Conjurations
 - Level 0.7 Transmutations
 * Level 8.4 Fire Magic
 - Level 13.9 Earth Magic
 - Level 7.1 Evocations


You had 16 spell levels left.
You knew the following spells:

 Your Spells              Type           Power      Damage    Failure   Level
a - Sandblast             Erth           100%       2d20      0%          1
b - Stone Arrow           Conj/Erth      100%       3d13      1%          3
c - Lee's Rapid Deconstr  Erth           40%        3d21*     1%          5
d - Conjure Flame         Conj/Fire      68%        6-21      1%          3
e - Iron Shot             Conj/Erth      38%        9d8       1%          6

Your spell library contained the following spells:

 Spells                   Type           Power      Damage    Failure   Level
 Iskenderun's Battlesphe  Conj           73%        2d12      1%          5
 Passwall                 Tmut/Erth      48%        N/A       1%          2
 Ignite Poison            Fire/Tmut/Pois 36%        N/A       1%          3
 Inner Flame              Hex/Fire       43%        N/A       1%          3
 Sticky Flame             Conj/Fire      68%        2d8       1%          4
 Leda's Liquefaction      Hex/Erth       28%        N/A       3%          4
 Petrify                  Tmut/Erth      58%        N/A       3%          4
 Apportation              Tloc           32%        N/A       6%          1
 Summon Small Mammal      Summ           64%        N/A       6%          1
 Spider Form              Tmut/Pois      19%        N/A       16%         3
 Call Canine Familiar     Summ           16%        N/A       19%         3
 Gell's Gravitas          Tloc           16%        N/A       19%         3
 Lesser Beckoning         Tloc           16%        N/A       19%         3
 Summon Guardian Golem    Hex/Summ       16%        N/A       19%         3
 Teleport Other           Tloc           16%        N/A       19%         3
 Cause Fear               Hex            8%         N/A       52%         4
 Summon Ice Beast         Ice/Summ       16%        N/A       52%         4
 Alistair's Intoxication  Tmut/Pois      12%        N/A       82%         5
 Metabolic Englaciation   Hex/Ice        8%         N/A       86%         5
 Summon Mana Viper        Hex/Summ       16%        N/A       86%         5
 Eringya's Noxious Bog    Tmut/Pois      9%         N/A       86%         6
 Monstrous Menagerie      Summ           8%         N/A       100%        7
 Discord                  Hex            8%         N/A       100%        8
 Statue Form              Tmut/Erth      Unusable   N/A       N/A         6

Dungeon Overview and Level Annotations

Branches:
Dungeon (12/15)            Temple (1/1) D:4            Lair (5/5) D:11
  Swamp (0/4) Lair:2        Snake (0/4) Lair:3        Slime (0/5) Lair:5
    Orc (1/2) D:11          Sewer (visited)         Ossuary (visited)

Altars:
Ashenzari
Cheibriados
Dithmenos
Elyvilon
Fedhas
Gozag
Hepliaklqana
Nemelex Xobeh
Okawaru
Ru
Uskayaw
Vehumet
Wu Jian
Xom
Yredelemnul
Zin
The Shining One
Jiyva

Shops:
D:1 *   D:10 (

Annotations:
Lair:1 exclusion: oklob plant
Lair:3 1 exclusion


Innate Abilities, Weirdness & Mutations

You are immune to sickness and miasma.
Your stone body is resilient. (AC +10)
You are immune to poison.
Your large and strong wings let you fly.
You resist negative energy. (rN+)
You are resistant to electric shocks. (rElec)
You are resistant to unholy torment.
You are immune to petrification.


Message History

The orc warlord hits you from afar with a +2 bardiche of freezing!
The orc warlord freezes you. The orc warrior closely misses you.
Casting: Iron Shot (dangerous; 1% risk of failure)
Confirm with . or Enter, or press ? or * to list all spells.
You don't have enough magic to cast this spell.
Casting: Iron Shot (dangerous; 1% risk of failure)
Confirm with . or Enter, or press ? or * to list all spells.
Aiming: Stone Arrow (safe; 1% risk of failure)
Press: ? - help, Shift-Dir - straight line, f/p - orc warlord
Aim: an orc warlord, wielding a +2 bardiche of freezing and wearing a +3 plate armour of willpower (almost dead, 87% to hit)
You feel a surge of power!
The stone arrow hits the orc warlord!
The orc warlord is almost dead.
The orc warlord hits you from afar with a +2 bardiche of freezing!!
The orc warlord freezes you. The orc warrior barely misses you.
Casting: Stone Arrow (safe; 1% risk of failure)
Confirm with . or Enter, or press ? or * to list all spells.
Aiming: Sandblast (safe; 0% risk of failure)
Press: ? - help, Shift-Dir - straight line, f/p - orc warlord
Aim: an orc warlord, wielding a +2 bardiche of freezing and wearing a +3 plate armour of willpower (almost dead, 91% to hit)
You feel a surge of power!
The blast of sand hits the orc warlord.
The orc warlord is almost dead.
The orc warlord hits you but does no damage.
The orc warrior throws a boomerang.
The boomerang misses you.
The orc warrior throws a boomerang.
The boomerang hits you but does no damage.
The orc warlord barely misses you.
Casting: Sandblast (safe; 0% risk of failure)
Confirm with . or Enter, or press ? or * to list all spells.
Aiming: Sandblast (safe; 0% risk of failure)
Press: ? - help, Shift-Dir - straight line, f/p - orc warlord
Aim: an orc warlord, wielding a +2 bardiche of freezing and wearing a +3 plate armour of willpower (almost dead, 91% to hit)
You feel a surge of power!
The blast of sand hits the orc warlord but does no damage.
The orc warlord is almost dead.
The orc warlord hits you from afar with a +2 bardiche of freezing!!
* * * LOW HITPOINT WARNING * * *
The orc warlord freezes you.
* * * LOW HITPOINT WARNING * * *
The orc warrior hits you from afar with a +0 glaive!!
You die...

....# ###..#
.....##....
..........#
#.........
#....$..##
#.)oo.).#
#..[## #@[)###
##..[<.#
#...)###
##....#
......#..
.......#.....
...............
...#.......##..
.#.##.. .. # .


You could see an orc warlord and an orc warrior (strong).

Vanquished Creatures
  Snorg (D:10)
  A boulder beetle (D:8)
  Fannar (D:10)
  4 hydras
  Erica (D:11)
  3 catoblepae (Lair:5)
  A centaur warrior (D:9)
  4 two-headed ogres
  8 death yaks
  Urug (Lair:1)
  Lodul (D:10)
  A bog body (Lair:2)
  An orc sorcerer (Orc:1)
  3 manticores (Lair:5)
  2 oklob plants (D:11)
  A cyclops (D:11)
  The ghost of safid the Shooter, a novice MiHu (D:6)
  4 elephants (Lair:3)
  2 black mambas (Lair:4)
  12 cane toads
  Joseph (D:8)
  A gargoyle (D:11)
  A rime drake (Lair:2)
  2 unseen horrors
  9 komodo dragons
  3 polar bears
  5 trolls
  A hornet (D:8)
  3 slime creatures (D:12)
  10 blink frogs
  20 dream sheep
  2 wraiths
  3 wyverns
  A vampire (D:12)
  56 yaks
  5 basilisks
  7 vampire mosquitoes
  Menkaure (D:7)
  4 nagas (Lair:3)
  13 water moccasins
  2 acid dragons
  9 orc warriors
  3 ice beasts
  3 black bears
  A sky beast (D:6)
  10 ogres
  11 centaurs
  8 bullfrogs
  7 kobold brigands
  2 gnoll sergeants
  A necrophage (D:6)
  A wyvern zombie (D:6)
  6 scorpions
  4 wights
  6 killer bees
  An electric eel (Lair:1)
  5 centaur zombies (Ossuary)
  A lava snake (D:7)
  10 hounds
  Crazy Yiuf (D:6)
  2 jellies
  10 orc priests
  8 gnoll boudas
  3 iguanas
  19 orc wizards
  5 mummies (Ossuary)
  A howler monkey zombie (D:6)
  34 gnolls
  6 adders
  2 river rats (Sewer)
  A white imp (D:5)
  2 ufetubi
  2 worms
  A dart slug (D:1)
  53 orcs
  2 bats
  13 endoplasms
  2 giant cockroaches
  7 hobgoblins
  12 jackals
  2 quokkas (D:1)
  16 ball pythons
  5 frilled lizards (D:1)
  5 goblins
  5 hobgoblin zombies (Ossuary)
  22 kobolds
  12 rats
  A butterfly (Lair:5)
546 creatures vanquished.

Vanquished Creatures (others)
  2 orcs (D:11)
  17 fungi
  30 plants
49 creatures vanquished.

Grand Total: 595 creatures vanquished

Notes
Turn   | Place    | Note
-------+----------+-------------------------------------------
     0 | D:1      | Radix the Gargoyle Earth Elementalist began the quest for
                  | the Orb.
     0 | D:1      | Reached XP level 1. HP: 10/10 MP: 3/3
   236 | D:1      | Got Sif Muna's Handbook of the Spider
   411 | D:1      | Reached XP level 2. HP: 15/15 MP: 3/5
   416 | D:1      | Reached skill level 4 in Earth Magic
   522 | D:1      | Found Utyffoe's Assorted Antiques.
   940 | D:1      | Reached XP level 3. HP: 17/19 MP: 4/6
  1443 | D:2      | Reached XP level 4. HP: 20/24 MP: 4/8
  1696 | D:2      | Reached skill level 5 in Earth Magic
  2502 | D:3      | Reached XP level 5. HP: 15/28 MP: 8/10
  2980 | D:4      | Reached skill level 6 in Earth Magic
  3164 | D:4      | Learned a level 3 spell: Stone Arrow
  3341 | D:4      | Reached skill level 1 in Conjurations
  3341 | D:4      | Reached XP level 6. HP: 32/32 MP: 8/12
  3443 | D:4      | Found a staircase to the Ecumenical Temple.
  3455 | Temple   | Entered the Ecumenical Temple
  3499 | Temple   | Became a worshipper of Vehumet
  3800 | D:4      | Found a shadowy altar of Dithmenos.
  4131 | D:1      | Bought an embroidered scarf for 136 gold pieces
  4402 | D:5      | Entered Level 5 of the Dungeon
  4441 | D:5      | Noticed an ice beast
  4452 | D:5      | Killed an ice beast
  4453 | D:5      | Reached XP level 7. HP: 22/36 MP: 4/14
  4466 | D:5      | Found a sand-covered staircase.
  4496 | Ossuary  | Entered an ossuary
  4512 | Ossuary  | Reached skill level 7 in Earth Magic
  4521 | Ossuary  | Reached skill level 5 in Spellcasting
  4527 | Ossuary  | Reached * piety under Vehumet
  4527 | Ossuary  | Offered knowledge of Shock by Vehumet.
  4704 | D:5      | Reached XP level 8. HP: 41/41 MP: 8/16
  4746 | D:5      | Found a glowing drain.
  4781 | Sewer    | Entered a sewer
  4914 | Sewer    | Offered knowledge of Scorch by Vehumet.
  4979 | Sewer    | Reached ** piety under Vehumet
  5009 | Sewer    | Reached skill level 8 in Earth Magic
  5460 | D:5      | Reached skill level 5 in Conjurations
  5493 | D:5      | Offered knowledge of Poisonous Vapours by Vehumet.
  5942 | D:6      | Reached skill level 9 in Earth Magic
  6052 | D:6      | Reached XP level 9. HP: 45/45 MP: 18/18
  6128 | D:6      | Reached *** piety under Vehumet
  6175 | D:6      | Found a runed translucent gate.
  6175 | D:6      | Found a runed translucent gate.
  6175 | D:6      | Found a runed translucent gate.
  6175 | D:6      | Noticed safid's ghost (novice MiHu)
  6177 | D:6      | Found a basalt altar of Yredelemnul.
  6392 | D:6      | Reached skill level 10 in Earth Magic
  6642 | D:6      | Found a runed translucent door.
  6643 | D:6      | Noticed Crazy Yiuf
  6648 | D:6      | Killed Crazy Yiuf
  6818 | D:6      | Killed safid's ghost
  6940 | D:7      | Offered knowledge of Flame Wave by Vehumet.
  7130 | D:7      | Reached XP level 10. HP: 51/51 MP: 15/21
  7233 | D:7      | Reached skill level 1 in Fighting
  7233 | D:7      | Reached skill level 1 in Armour
  7279 | D:7      | Reached skill level 1 in Maces & Flails
  7279 | D:7      | Reached skill level 1 in Shields
  7443 | D:7      | Noticed Menkaure
  7447 | D:7      | Killed Menkaure
  7448 | D:7      | Reached skill level 1 in Evocations
  7481 | D:7      | Reached **** piety under Vehumet
  7989 | D:8      | Noticed a boulder beetle
  8039 | D:8      | Killed a boulder beetle
  8040 | D:8      | Reached skill level 11 in Earth Magic
  8063 | D:8      | Offered knowledge of Lee's Rapid Deconstruction by Vehumet.
  8070 | D:8      | Learned a level 5 spell: Lee's Rapid Deconstruction
  8072 | D:8      | Noticed a two-headed ogre
  8096 | D:8      | Killed a two-headed ogre
  8153 | D:8      | Identified the +5 spear "Pidwap" {holy, *Rage rPois rF+
                  | rN+}
  8157 | D:8      | Identified the ring of Fain {Fly rElec rCorr Str+9 Int-4}
  8165 | D:8      | Identified the ring of Ephemeral Luck {EV+4 Str+2}
  8196 | D:8      | Noticed Joseph
  8198 | D:8      | Killed Joseph
  8199 | D:8      | Reached XP level 11. HP: 51/60 MP: 14/23
  8374 | D:8      | Found a faded altar of an unknown god.
  8374 | D:8      | Found a faded altar of an unknown god.
  8380 | D:8      | Found a hazy altar of Hepliaklqana.
  8795 | D:9      | Found a flagged portal.
  8811 | D:9      | Learned a level 3 spell: Conjure Flame
  9573 | D:9      | Reached ***** piety under Vehumet
  9573 | D:9      | Offered knowledge of Conjure Ball Lightning by Vehumet.
  9762 | D:9      | Found an opulent altar of Gozag.
  9762 | D:9      | Found a hide-covered altar of Uskayaw.
  9770 | D:9      | Found a faded altar of an unknown god.
  9772 | D:9      | Found a snail-covered altar of Cheibriados.
  9774 | D:9      | Found a sacrificial altar of Ru.
  9836 | D:9      | Noticed a centaur warrior
  9845 | D:9      | Killed a centaur warrior
  9846 | D:9      | Reached skill level 1 in Fire Magic
  9864 | D:9      | Found an iron altar of Okawaru.
  9864 | D:9      | Found a glowing golden altar of the Shining One.
  9867 | D:9      | Found a white marble altar of Elyvilon.
  9867 | D:9      | Found a glowing silver altar of Zin.
 10309 | D:10     | Entered Level 10 of the Dungeon
 10356 | D:10     | Found Vang's Weapon Boutique.
 10487 | D:10     | Noticed Fannar
 10500 | D:10     | Killed Fannar
 10679 | D:10     | Noticed Lodul
 10690 | D:10     | Killed Lodul
 10858 | D:10     | Noticed Snorg
 10861 | D:10     | Killed Snorg
 10862 | D:10     | Reached skill level 5 in Fighting
 10862 | D:10     | Reached XP level 12. HP: 68/68 MP: 11/24
 11102 | D:10     | You fall into a shaft and drop 2 floors!
 11246 | D:12     | Reached skill level 12 in Earth Magic
 11394 | D:12     | Noticed a two-headed ogre
 11402 | D:12     | Killed a two-headed ogre
 11405 | D:12     | Reached skill level 5 in Maces & Flails
 12097 | D:11     | Noticed a seven-headed hydra
 12099 | D:11     | Killed a seven-headed hydra
 12410 | D:11     | Found a staircase to the Lair.
 12548 | D:11     | Reached skill level 5 in Evocations
 12982 | D:11     | Noticed a two-headed ogre
 12987 | D:11     | Killed a two-headed ogre
 12988 | D:11     | Reached skill level 10 in Conjurations
 12993 | D:11     | Noticed Erica
 12994 | D:11     | Offered knowledge of Iron Shot by Vehumet.
 13020 | D:11     | Killed Erica
 13122 | D:11     | Found a staircase to the Orcish Mines.
 13535 | D:12     | Noticed a five-headed hydra
 13538 | D:12     | Killed a five-headed hydra
 13983 | Lair:1   | Entered Level 1 of the Lair of Beasts
 14003 | Lair:1   | Reached XP level 13. HP: 53/76 MP: 8/26
 14130 | Lair:1   | Learned a level 6 spell: Iron Shot
 14587 | Lair:1   | Noticed Urug
 14598 | Lair:1   | Killed Urug
 14599 | Lair:1   | Reached skill level 5 in Fire Magic
 14759 | Lair:1   | Reached skill level 13 in Earth Magic
 14871 | Lair:1   | Found a blossoming altar of Fedhas.
 15166 | Lair:2   | Identified the +0 chain mail of Inference {rElec rPois rC+}
 15427 | Lair:2   | Found a staircase to the Swamp.
 16212 | Lair:3   | Reached skill level 10 in Spellcasting
 16365 | Lair:3   | Found a staircase to the Snake Pit.
 18596 | Lair:4   | Gained mutation: Your large and strong wings let you fly.
                  | [Gargoyle growth]
 18596 | Lair:4   | Reached XP level 14. HP: 84/84 MP: 22/28
 18934 | Lair:5   | Entered Level 5 of the Lair of Beasts
 18956 | Lair:5   | Found a staircase to the Slime Pits.
 18956 | Lair:5   | Found a viscous altar of Jiyva.
 19394 | Lair:5   | Offered knowledge of Iskenderun's Battlesphere by Vehumet.
 21496 | Orc:1    | Entered Level 1 of the Orcish Mines
 21497 | Orc:1    | Noticed an orc warlord
 21781 | Orc:1    | HP: 4/86 [orc warlord/+2 bardiche of freezing (3)]
 21908 | Orc:1    | Mangled by an orc warrior

Illustrated notes

Levels and vault maps discovered:
D:1:      psy_arrival_radial01, layout_basic, serial_shops, shop,
          kennysheep_doodads, minmay_surrounded
D:2:      layout_rooms
D:3:      layout_basic
D:4:      layout_rooms, nicolae_dithmenos_the_darkroom, temple_hall
D:5:      layout_loops_ring, nicolae_ossuary_entry_plus,
          cheibrodos_sewer_entry_sluice
D:6:      layout_loops_ring, nicolae_yredelemnul_ghost_church,
          uniq_crazy_yiuf_cottage
D:7:      layout_loops_ring, kennysheep_opposing_triangles, uniq_menkaure
D:8:      minmay_the_grid_octo_triangle [minmay_the_grid_octo_focus,
          minmay_the_grid_octo_prize_big_c, minmay_the_grid_octo_empty],
          layout_basic, nicolae_hepliaklqana_ecumenical_no_more, uniq_joseph
D:9:      layout_big_octagon, good_gods_mini_temple,
          chequers_temple_overflow_minitemple, okawaru_ov_weapons_minmay,
          serial_gnoll_camp, gnoll_camp_mini_house, gnoll_camp_medium_02,
          gnoll_camp_mini_hut, gnoll_camp_mini_house, gnoll_camp_mini_basic,
          enter_bailey_6, hangedman_decor_lopped
D:10:     layout_stronghold, serial_shops, nicolae_diamond_shop, wad_hexagon,
          uniq_lodul, uniq_fannar, uniq_snorg
D:11:     layout_loops_corners, dpeg_oklobed_lair, hiddenorc1_lemuel, uniq_erica
D:12:     layout_loops_ring
Temple:   bh_familiar_temple
Lair:1:   layout_gridlike, nicolae_quartered_pool_medium, tgw_fedhas, uniq_urug
Lair:2:   layout_small_grid, skrybe_swamp_entry_bodies,
          chequers_serial_rivers_micro_e
Lair:3:   layout_cave_pods, minmay_snake_entry_guardpost_small,
          serial_bayou_crossing, serial_bayou_shore_a
Lair:4:   layout_loops_ring, minmay_stone_trees_small
Lair:5:   evilmike_catoblepas_cave, layout_hall_layers, slime_entry_1,
          infiniplex_staircase_pool, lemuel_fruit_fields
Orc:1:    layout_diamond_mine, basic_altar

Skill      XL: |  1  2  3  4  5  6  7  8  9 10 11 12 13 14 |
---------------+-------------------------------------------+-----
Earth Magic    | 4 5 6 7 9 10 11 12 13 | 13.9
Spellcasting   | 3 4 5 6 7 8 9 10 | 10.6
Conjurations   | 1 2 3 5 7 8 9 10 11 | 11.5
Fighting       | 3 5 6 8 9 |  9.5
Armour         | 3 4 |  4.2
Maces & Flails | 3 4 6 7 8 |  8.0
Shields        | 3 4 |  4.1
Evocations     | 2 4 5 6 7 |  7.1
Fire Magic     | 2 4 6 8 |  8.4
Dodging        | |  1.5
Stealth        | |  2.1
Transmutations | |  0.7

Action                   |  1- 3 |  4- 6 |  7- 9 | 10-12 | 13-15 || total
-------------------------+-------+-------+-------+-------+-------++-------
Melee: Dagger            |    62 |    36 |       |       |       ||    98
       Unarmed           |     8 |       |       |       |       ||     8
       Punch             |     1 |     1 |     4 |       |     5 ||    11
       Hand axe          |       |    49 |   188 |       |       ||   237
       Mace              |       |       |       |    25 |       ||    25
       Flail             |       |       |       |   113 |   181 ||   294
Throw: Boomerang         |       |       |     1 |       |       ||     1
 Cast: Sandblast         |    28 |    69 |   102 |    71 |   122 ||   392
       Stone Arrow       |       |       |    24 |   123 |    19 ||   166
       Lee's Rapid Decon |       |       |       |    77 |    58 ||   135
       Conjure Flame     |       |       |       |    10 |     3 ||    13
       Iron Shot         |       |       |       |       |    75 ||    75
Evoke: Wand              |       |       |       |       |     3 ||     3
  Use: Potion            |       |       |     3 |    10 |    11 ||    24
       Scroll            |       |       |     8 |     3 |     7 ||    18
 Stab: Sleeping          |     1 |       |       |       |       ||     1
Armor: Robe              |    26 |     7 |       |   134 |   259 ||   426
       Ring mail         |       |    53 |   248 |    52 |       ||   353
       Troll leather arm |       |       |       |    26 |       ||    26
Dodge: Dodged            |    57 |    73 |   210 |   214 |   366 ||   920
